Map: Catalyseur EC

Players

HoldTheDoor - Winner!

  • Race: Protoss Protoss
  • League: Diamond
  • Spawn Location: 5:00

huxLey

  • Race: Zerg Zerg
  • League: Diamond
  • Spawn Location: 11:00

VOD

Have the link to the VOD?

Description

Time

  • Played on: July 8, 2018, 11:04 a.m.
  • Length: 17:02
Show
View Real Time Build Order
Export as new Build Order

HoldTheDoor Protoss - Winner!

Build Orders: 1 Gate Expand 

Get SALT Encoding   

  12  0:00  Probe  
  13  0:12  Probe  
  14  0:22  Pylon  
  14  0:24  Probe  
  15  0:38  Probe  
  15  0:40  Gateway  
  16  0:46  Probe  
  16  0:47  Assimilator  
  16  0:54  Probe  
  18  1:06  Probe  
  19  1:30  Nexus  
  19  1:37  Cybernetics Core  
  19  1:39  Probe  
  20  1:46  Assimilator  
  20  1:52  Probe  
  21  2:04  Probe  
  21  2:06  Warp Gate  
  22  2:12  Pylon  
  22  2:23  Probe, Pylon  
  23  2:30  Adept  
  23  2:35  Probe  
  23  2:36  Twilight Council  
  26  2:42  Probe  
  27  2:50  Probe  
  28  2:55  Gateway  
  28  2:57  Probe  
  29  3:02  Sentry  
  29  3:03  Probe  
  32  3:09  Probe  
  33  3:15  Probe  
  33  3:17  Robotics Facility  
  34  3:23  Pylon  
  34  3:26  Adept  
  34  3:36  Probe  
  35  3:42  Pylon  
  35  3:45  Adept  
  35  3:47  Adept  
  39  4:04  Warp Prism  
  39  4:06  Probe  
  39  4:09  Resonating Glaives  
  42  4:15  Probe  
  43  4:17  Gateway  
  43  4:18  Probe  
  44  4:27  Probe  
  44  4:29  Sentry x2  
  49  4:35  Probe  
  50  4:39  Probe  
  50  4:40  Immortal  
  55  4:52  Adept  
  55  4:53  Adept  
  55  4:54  Probe x2  
  55  4:59  Gateway  
  61  5:01  Gateway  
  61  5:03  Pylon  
  61  5:07  Probe x2  
  63  5:21  Immortal  
  63  5:26  Probe x2  
  69  5:46  Adept x3  
  75  5:56  Pylon  
  75  6:00  Pylon  
  75  6:01  Pylon  
  75  6:09  Gateway  
  75  6:12  Gateway  
  75  6:13  Pylon  
  75  6:14  Pylon  
  75  6:16  Pylon  
  75  6:17  Pylon  
  75  6:19  Gateway  
  75  6:20  Gateway  
  75  6:27  Pylon, Adept  
  75  6:28  Adept x4  
  85  6:54  Zealot x3  
  85  6:59  Immortal  
  87  7:07  Cybernetics Core  
  87  7:12  Assimilator, Charge  
  87  7:14  Assimilator  
  91  7:17  Zealot x2  
  91  7:18  Zealot  
  97  7:35  Probe, Gateway  
  98  7:37  Probe  
  98  7:39  Gateway  
  98  7:40  Gateway  
  98  7:42  Immortal  
  98  7:44  Stalker x2  
  107  7:46  Sentry, Pylon  
  81  8:38  Stalker x5  
  81  8:39  Stalker x2  
  65  8:57  Probe x2  
  65  9:02  Adept x2  
  66  9:03  Adept x3  
  66  9:04  Adept x2  
  76  9:13  Immortal  
  76  9:21  Adept x3  
  86  9:34  Pylon  
  86  9:44  Stalker x4  
  94  9:46  Immortal  
  94  10:02  Zealot x4  
  94  10:03  Zealot  
  90  10:22  Nexus  
  90  10:28  Stalker x2  
  94  10:38  Immortal  
  98  10:44  Stalker  
  100  10:56  Stargate  
  100  11:02  Probe x2  
  100  11:15  Templar Archives  
  100  11:16  Zealot x3  
  100  11:17  Zealot x2  
  70  11:35  Probe x3  
  73  11:40  Pylon  
  73  11:42  Immortal  
  73  11:46  Stalker  
  75  11:47  Probe x2  
  75  11:50  Probe  
  82  11:59  Probe x2  
  84  12:02  Probe  
  84  12:06  Shield Battery  
  84  12:08  Shield Battery  
  85  12:09  Pylon  
  85  12:11  Probe  
  86  12:17  High Templar x4  
  86  12:18  High Templar x3  
  86  12:20  High Templar  
  86  12:21  Archon  
  86  12:22  Archon x2  
  102  12:25  Archon  
  102  12:26  Probe  
  102  12:27  Probe x2  
  105  12:30  Assimilator  
  105  12:38  Assimilator, Probe  
  105  12:39  Probe  
  107  12:46  High Templar x2  
  107  12:49  Immortal  
  107  12:50  Archon  
  111  12:54  Pylon  
  111  12:55  Void Ray  
  119  13:08  Probe x2  
  121  13:12  Forge  
  121  13:14  Forge  
  121  13:18  High Templar x2  
  125  13:20  Zealot x3  
  125  13:23  Archon  
  131  13:33  Zealot x2  
  131  13:34  Zealot x2  
  139  13:35  Zealot  
  141  13:54  High Templar x4  
  149  13:58  Zealot x2  
  149  13:59  Zealot x4  
  149  14:01  Archon x2  
  161  14:25  Pylon  
  161  14:29  Pylon  
  161  14:44  High Templar x4  
  161  14:45  High Templar  
  171  14:48  Archon x2  
  171  14:50  Zealot x4  
  171  14:51  Zealot  
  155  15:19  Zealot x5  
  155  15:20  Zealot x5  
  175  15:40  Zealot  
  175  15:41  Zealot x7  
  175  15:42  Zealot x2  
  165  16:02  Zealot x4  
  165  16:03  Zealot  
  175  16:04  High Templar  
  175  16:05  High Templar  
  175  16:09  Archon  
  175  16:29  Zealot x2  
  175  16:30  Zealot  
  181  16:38  Zealot x2  
  181  16:39  Zealot x4  
  175  16:49  Zealot  
  175  16:50  Zealot x2  
Show
View Real Time Build Order
Export as new Build Order

huxLey Zerg 

Build Orders: Hatch First 

Get SALT Encoding   

  12  0:01  Drone  
  13  0:12  Overlord  
  13  0:31  Drone  
  13  0:32  Drone x2  
  16  0:53  Hatchery  
  15  0:57  Drone  
  15  0:58  Drone  
  17  1:07  Extractor, Drone  
  17  1:21  Spawning Pool, Drone  
  17  1:31  Drone  
  18  1:37  Drone  
  19  1:52  Overlord  
  19  2:06  Drone  
  21  2:08  Drone x2  
  21  2:09  Queen  
  21  2:10  Queen  
  26  2:16  Metabolic Boost  
  26  2:20  Drone  
  28  2:22  Drone  
  28  2:29  Zergling x2  
  29  2:34  Zergling x2  
  30  2:37  Drone  
  30  2:42  Zergling x2  
  32  2:48  Zergling x2  
  33  2:54  Zergling x2  
  34  3:04  Zergling x2  
  34  3:05  Zergling x2  
  36  3:12  Overlord  
  36  3:22  Overlord  
  36  3:23  Overlord  
  35  3:29  Zergling x2  
  35  3:36  Zergling x6, Hatchery  
  35  3:37  Zergling x6  
  40  3:47  Drone  
  40  3:52  Roach Warren  
  40  3:53  Extractor, Drone x2  
  40  3:54  Drone x2  
  40  4:05  Drone x4  
  44  4:14  Lair  
  44  4:18  Spore Crawler  
  44  4:22  Spore Crawler  
  44  4:23  Drone  
  43  4:28  Drone  
  43  4:29  Drone x2  
  46  4:33  Roach  
  49  4:38  Drone x2  
  49  4:41  Drone  
  51  4:49  Drone  
  51  4:52  Roach x3  
  58  4:54  Roach  
  58  4:59  Roach, Extractor  
  61  5:00  Extractor  
  61  5:03  Drone, Spore Crawler  
  60  5:07  Drone x2  
  60  5:10  Drone  
  60  5:12  Ravager  
  63  5:16  Drone  
  63  5:17  Drone  
  65  5:25  Overlord x3  
  65  5:32  Overlord x2  
  65  5:40  Overlord x2  
  65  5:43  Glial Reconstitution  
  65  5:45  Drone  
  65  5:47  Drone x3  
  69  5:53  Overseer  
  69  5:55  Overseer  
  73  5:57  Roach x3  
  73  6:01  Drone x3  
  78  6:08  Drone x4  
  78  6:11  Drone  
  83  6:18  Hydralisk Den, Drone  
  84  6:21  Drone  
  84  6:25  Overseer x2  
  84  6:30  Roach x4  
  92  6:37  Ravager x3  
  92  6:38  Zergling x2  
  92  6:39  Zergling x10  
  101  6:43  Roach  
  101  6:44  Roach  
  105  6:50  Muscular Augments  
  98  6:54  Spine Crawler x2  
  77  7:14  Roach x5  
  87  7:20  Hatchery  
  86  7:23  Extractor  
  86  7:25  Extractor  
  86  7:26  Roach x4  
  92  7:33  Roach x3  
  98  7:42  Hydralisk x2  
  102  7:51  Hydralisk x3  
  102  7:52  Hydralisk  
  110  8:01  Drone  
  110  8:02  Hydralisk Den  
  104  8:09  Zergling x2  
  104  8:10  Zergling x6  
  107  8:16  Zergling x2  
  107  8:26  Zergling x4  
  104  8:28  Zergling x6  
  101  8:36  Grooved Spines  
  101  8:39  Zergling x4  
  81  8:48  Zergling x4  
  62  9:04  Hydralisk x2  
  62  9:07  Hatchery  
  60  9:11  Drone x4  
  64  9:17  Roach x2  
  64  9:24  Hydralisk x4  
  77  9:34  Roach x2  
  77  9:44  Hydralisk x4  
  84  9:50  Hatchery  
  83  9:53  Hydralisk x2  
  83  9:57  Roach  
  83  9:58  Roach x2  
  86  10:12  Hydralisk x2  
  90  10:27  Hatchery  
  89  10:30  Evolution Chamber  
  89  10:31  Evolution Chamber  
  89  10:34  Drone x6  
  93  10:43  Zergling x4  
  95  10:50  Drone  
  95  10:51  Hydralisk x4  
  104  10:58  Zerg Missile Weapons Level 1  
  104  11:01  Drone x2  
  104  11:02  Drone  
  107  11:10  Zergling x6  
  108  11:13  Zergling x2  
  108  11:14  Zergling x2  
  108  11:16  Hydralisk  
  96  11:19  Zergling x4  
  96  11:20  Zergling x2  
  96  11:23  Zergling x4  
  87  11:29  Drone  
  87  11:32  Drone x2  
  78  11:35  Extractor  
  78  11:36  Extractor  
  76  11:40  Hydralisk x3  
  81  11:48  Drone  
  81  11:50  Drone x5  
  83  12:02  Roach  
  83  12:03  Roach x4  
  83  12:07  Queen  
  95  12:08  Drone  
  95  12:11  Drone  
  95  12:14  Drone  
  98  12:15  Drone x2  
  98  12:18  Extractor, Drone  
  98  12:19  Drone  
  98  12:20  Extractor  
  100  12:24  Zerg Ground Armor Level 1  
  100  12:26  Drone  
  100  12:27  Drone x2  
  103  12:32  Roach x2  
  103  12:36  Queen  
  109  12:42  Roach x4  
  117  12:47  Drone  
  118  12:52  Drone x2  
  118  12:58  Overlord x4  
  120  13:04  Zerg Missile Weapons Level 2  
  120  13:08  Infestation Pit  
  120  13:10  Drone  
  120  13:22  Drone x3  
  120  13:23  Drone x3  
  120  13:26  Zergling x12  
  120  13:27  Zergling x4  
  134  13:31  Baneling Nest, Drone x2  
  134  13:32  Drone  
  136  13:38  Hydralisk x3  
  142  13:47  Hive  
  142  13:49  Drone  
  142  13:55  Zergling x8  
  146  13:56  Zergling x10  
  152  14:03  Overseer x2  
  152  14:13  Overlord x2  
  152  14:14  Overlord x2  
  152  14:22  Zerg Ground Armor Level 2  
  152  14:26  Centrifical Hooks  
  148  14:34  Roach x7  
  148  14:35  Roach x5  
  169  14:43  Hydralisk x2  
  169  14:44  Hydralisk x2  
  177  14:54  Zergling x4  
  177  14:55  Zergling x10  
  184  15:06  Roach x4  
  184  15:07  Roach x3  
  183  15:08  Roach  
  137  15:22  Adrenal Glands, Ultralisk Cavern  
  137  15:28  Baneling x6  
  130  15:29  Baneling x4, Roach  
  130  15:30  Roach x2  
  139  15:38  Roach x3  
  120  15:44  Hydralisk x3  
  101  15:56  Viper  
  89  15:57  Roach x6  
  97  16:11  Ultralisk  
  97  16:16  Zergling x6  
  106  16:25  Hydralisk x3  
  99  16:47  Drone x3  
Tags
 
Add a new tag
Caveats
  • Supply blocks, unpowered buildings, or Contaminate may cause inaccurate times.
  • Supply counts are checked every 10 seconds.